Map: Ever Dream LE

Players

Nice

  • Race: Protoss Protoss
  • Spawn Location: 1:00

Has - Winner!

  • Race: Protoss Protoss
  • Spawn Location: 7:00

Event: DreamHack SC2 Masters 2020 Fall

VOD

Have the link to the VOD?

Description

Time

  • Played on: Aug. 28, 2020, 8:20 a.m.
  • Length: 7:00

All games in this series

Show
View Real Time Build Order
Export as new Build Order

Nice Protoss 

Build Orders:  

Get SALT Encoding   

  12  0:02  Probe  
  13  0:14  Probe  
  14  0:19  Pylon  
  14  0:26  Probe  
  15  0:37  Gateway  
  15  0:38  Probe (Chrono Boost)  
  16  0:48  Assimilator, Probe (Chrono Boost)  
  17  0:53  Probe (Chrono Boost)  
  17  0:56  Assimilator  
  18  1:04  Probe (Chrono Boost)  
  18  1:09  Gateway  
  19  1:14  Probe (Chrono Boost)  
  20  1:19  Probe (Chrono Boost)  
  21  1:27  Cybernetics Core  
  21  1:31  Probe  
  22  1:43  Probe  
  23  1:52  Pylon  
  23  1:57  Pylon  
  23  2:07  Warp Gate  
  23  2:08  Stalker (Chrono Boost)  
  27  2:17  Stalker (Chrono Boost)  
  27  2:21  Robotics Facility  
  27  2:30  Stalker  
  29  2:40  Stalker  
  31  2:46  Gateway  
  31  2:48  Pylon  
  31  3:04  Immortal (Chrono Boost)  
  33  3:15  Pylon  
  33  3:17  Sentry, Stalker  
  37  3:25  Pylon  
  34  3:43  Probe  
  34  3:55  Probe  
  34  3:58  Warp Prism (Chrono Boost)  
  34  4:02  Sentry  
  39  4:10  Zealot, Sentry  
  43  4:30  Immortal (Chrono Boost)  
  43  4:41  Zealot  
  45  4:45  Zealot  
  45  4:51  Sentry  
  35  5:17  Zealot x3  
  35  5:21  Immortal (Chrono Boost)  
  41  5:38  Zealot, Sentry  
  41  5:39  Zealot  
  47  5:57  Immortal  
  51  6:15  Zealot x2  
  55  6:24  Stalker  
  47  6:36  Stalker x2  
Show
View Real Time Build Order
Export as new Build Order

Has Protoss - Winner!

Build Orders: Nexus First 

Get SALT Encoding   

  12  0:00  Probe  
  13  0:12  Probe  
  14  0:18  Pylon  
  14  0:24  Probe (Chrono Boost)  
  15  0:37  Probe (Chrono Boost)  
  16  0:44  Probe (Chrono Boost)  
  17  0:58  Nexus  
  17  1:08  Gateway  
  17  1:10  Probe  
  18  1:15  Assimilator  
  18  1:22  Probe  
  18  1:23  Assimilator  
  19  1:34  Probe  
  19  1:38  Gateway  
  20  1:46  Probe  
  21  1:54  Cybernetics Core  
  21  1:58  Zealot  
  23  2:03  Pylon  
  23  2:09  Probe  
  23  2:15  Probe  
  26  2:27  Stalker (Chrono Boost)  
  26  2:28  Warp Gate (Chrono Boost), Stalker (Chrono Boost)  
  25  2:34  Probe  
  30  2:37  Shield Battery  
  31  2:50  Stalker  
  32  2:51  Stalker  
  32  2:55  Probe  
  32  2:57  Probe  
  36  3:08  Gateway  
  36  3:09  Probe x2  
  38  3:18  Shield Battery  
  38  3:23  Pylon  
  38  3:24  Probe  
  38  3:25  Probe  
  40  3:37  Probe  
  40  3:39  Probe  
  42  3:46  Pylon  
  41  4:00  Gateway  
  41  4:01  Shield Battery x2  
  40  4:03  Stalker  
  40  4:04  Stalker x2  
  46  4:12  Pylon  
  46  4:23  Pylon  
  46  4:27  Stalker x3  
  46  4:30  Probe x2  
  52  4:37  Assimilator  
  52  4:40  Assimilator  
  52  4:44  Shield Battery  
  52  4:51  Zealot x3  
  58  4:55  Zealot  
  60  5:02  Stargate  
  58  5:11  Probe  
  58  5:13  Probe  
  58  5:21  Stalker x3  
  54  5:22  Zealot  
  56  5:30  Probe  
  56  5:32  Probe  
  56  5:42  Pylon  
  57  5:45  Robotics Facility  
  57  5:46  Phoenix (Chrono Boost)  
  58  5:50  Zealot  
  58  5:53  Zealot  
  58  5:56  Zealot, Sentry  
  66  6:02  Phoenix (Chrono Boost)  
  68  6:11  Zealot  
  68  6:15  Zealot  
  72  6:19  Zealot x2  
  72  6:23  Phoenix  
  68  6:39  Zealot  

Tags
 
Add a new tag
Caveats
  • Supply blocks, unpowered buildings, or Contaminate may cause inaccurate times.
  • Supply counts are checked every 10 seconds.